 Dungeon Crawl Stone Soup version 0.20.1-1-g8b1a95d (webtiles) character file.

669205 zaRGo the Axe Maniac (level 27, 0/191 HPs)
             Began as a Minotaur Berserker on Nov 12, 2017.
             Was a High Priest of Trog.
             Killed from afar by a starcursed mass (7 damage)
             ... with an accursed screaming
             ... on level 5 of the Abyss on Nov 18, 2017.
             The game lasted 13:55:18 (80848 turns).

zaRGo the Axe Maniac (Minotaur Berserker)          Turns: 80848, Time: 13:55:19

Health: 0/191      AC: 35    Str: 31      XL:     27
Magic:  3/10       EV: 24    Int:  0 (3)  God:    Trog [*****.]
Gold:   3729       SH:  0    Dex: 17      Spells: 26/26 levels left

rFire    + + .     SeeInvis +   W - +9 executioner's axe (antimagic)
rCold    + + +     Gourm    .   (shield currently unavailable)
rNeg     . . .     Faith    .   f - +2 gold dragon scales
rPois    +         Spirit   .   U - +0 hat of Watchfulness {Regen+ Str+4 Stlth+}
rElec    +         Reflect  .   t - +2 cloak
rCorr    .         Harm     .   x - +2 pair of gloves {archery}
MR       +++++     Rnd*Rage +   L - +2 pair of boots of the Assassin {Detection Stab+ Stlth++}
Stlth    ..........             p - amulet of regeneration
Regen    1.0/turn               d - ring "Mirchas" {rElec rC++ SInv}
MPRegen  0.2/turn               D - ring of protection from fire

@: very slightly contaminated, recuperating, diseased, hasted and slowed, lost
intelligence, invisible (expiring)
A: retaliatory headbutt, horns 2, berserk 1, deformed body, dopey 1, frail
2[+1], magic resistance 1, screaming 2, subdued magic 1[+2]
0: Orb of Zot
}: 3/15 runes: decaying, silver, gossamer
a: Berserk, Trog's Hand, Brothers in Arms, Burn Spellbooks, Renounce Religion


You were on level 5 of the Abyss.
You worshipped Trog.
Trog was extremely pleased with you.
You were not hungry.

You visited 9 branches of the dungeon, and saw 47 of its levels.
You visited the Abyss 1 time.
You also visited: Ice Cave.

You collected 7973 gold pieces.
You spent 4244 gold pieces at shops.

Inventory:

Hand Weapons
 W - a +9 antimagic executioner's axe (weapon)
Missiles
 l - 14 tomahawks of returning (quivered)
Armour
 f - +2 gold dragon scales (worn)
 i - the +9 plate armour of Protective Custody {Dex+2}
   (You found it on level 3 of the Swamp)

   It affects your dexterity (+2).
 t - a +2 cloak (worn)
 x - a +2 pair of gloves of archery (worn)
 L - the +2 pair of boots of the Assassin (worn) {Detection Stab+ Stlth++}
   (You found it on level 2 of the Depths)

   It makes you much more stealthy.
 U - the +0 hat of Watchfulness (worn) {Regen+ Str+4 Stlth+}
   (You found it in an ice cave)

   It affects your strength (+4).
   It increases your rate of regeneration.
   It makes you more stealthy.
Jewellery
 d - the ring "Mirchas" (left hand) {rElec rC++ SInv}
   (You acquired it on level 7 of the Dungeon)

   [ring of see invisible]

   It greatly protects you from cold.
   It insulates you from electricity.
   It lets you see invisible.
 p - an amulet of regeneration (around neck)
 u - an uncursed ring of protection from magic
 v - an uncursed ring of protection from magic
 w - the ring of the Median {+Fly rPois}
   (You bought it in a shop on level 1 of the Vaults)

   [ring of flight]

   It protects you from poison.
   It lets you fly.
 D - a ring of protection from fire (right hand)
 P - an uncursed ring of resist corrosion
Wands
 n - a wand of flame (33/48)
 r - a wand of lightning (9/15)
 B - a wand of disintegration (19/24)
 F - a wand of iceblast (9/15)
 G - a wand of paralysis (13/24)
 M - a wand of digging (11/24)
 T - a wand of confusion (29/48)
Scrolls
 e - 12 scrolls of remove curse
 g - 10 scrolls of teleportation
 k - a scroll of fog
 s - 14 scrolls of identify
 y - 3 scrolls of magic mapping
 K - 3 scrolls of fear
 N - 3 scrolls of blinking
 O - 5 scrolls of silence
 S - 4 scrolls of recharging
Potions
 a - 13 potions of lignification
 b - 18 potions of curing
 j - a potion of haste
 o - 6 potions of might
 E - a potion of agility
 J - 2 potions of invisibility
 Q - a potion of ambrosia
Miscellaneous
 h - a phial of floods
 C - a box of beasts
 H - a lamp of fire
 I - a lightning rod (3/4)
 Z - a fan of gales
Comestibles
 c - 14 bread rations
 m - 11 meat rations
 z - 22 fruits
 A - 15 royal jellies


   Skills:
 O Level 27 Fighting
 O Level 27 Axes
 O Level 27 Armour
 O Level 27 Dodging
 + Level 11.2 Evocations


You had 26 spell levels left.
You didn't know any spells.

Dungeon Overview and Level Annotations

Branches:
Dungeon (15/15)            Temple (1/1) D:4            Lair (6/6) D:9
  Swamp (4/4) Lair:3       Spider (4/4) Lair:2        Slime (0/5) Lair:6
    Orc (2/2) D:12            Elf (0/3) Orc:2        Vaults (5/5) D:14
  Crypt (0/3) Vaults:3     Depths (5/5) D:15            Zot (5/5) Depths:5

Altars:
Ashenzari
Cheibriados
Dithmenos
Elyvilon
Fedhas
Gozag
Hepliaklqana
Kikubaaqudgha
Makhleb
Nemelex Xobeh
Okawaru
Qazlal
Ru
Sif Muna
Trog
Uskayaw
Vehumet
Xom
Yredelemnul
Zin
The Shining One
Jiyva

Shops:
D:8 ?   D:9 ((   D:13 ?   D:14 *   Orc:1 !   Orc:2 }?}!   Vaults:1 [=(!!
Vaults:2 :   Vaults:3 =

Portals:
Hell: Depths:1 Depths:2 Depths:3 Depths:4 Depths:5
Abyss: Depths:4 Depths:5
Pandemonium: Depths:1 Depths:2 Depths:3
Ziggurat: Depths:1
Trove: D:13 (give 16 scrolls of teleportation)

Annotations:
D:6 1 exclusion
D:7 1 exclusion
D:8 1 exclusion
D:12 2 exclusions
Lair:4 1 exclusion
Lair:5 2 exclusions
Lair:6 2 exclusions
Swamp:2 2 exclusions
Swamp:3 exclusion: downstairs
Spider:2 1 exclusion
Spider:4 1 exclusion
Vaults:3 1 exclusion
Vaults:4 1 exclusion
Vaults:5 2 exclusions
Depths:1 1 exclusion
Depths:3 3 exclusions
Depths:4 1 exclusion
Depths:5 1 exclusion
Zot:1 1 exclusion
Zot:2 2 exclusions
Zot:4 4 exclusions
Zot:5 4 exclusions


Innate Abilities, Weirdness & Mutations

You reflexively headbutt those who attack you in melee.
You have a pair of horns on your head.
You tend to lose your temper in combat.
Armour fits poorly on your strangely shaped body.
You are dopey. (Int -2)
You are resistant to hostile enchantments. (MR+)
You sometimes yell uncontrollably at your foes.
[You are extremely frail. (-30% HP)]
[Your spells are much easier to cast, but much less powerful.]


Message History

A chorus of shrieks assaults your mind.
* * * LOW HITPOINT WARNING * * *
Tentacles burst from the starspawn's body!
You yell at the starspawn tentacle! 2 starspawn tentacles come into view.
Okay, then.
You flicker for a moment.
You hear a shout! x2
The hell knight shouts!
A tentacle flies out from the starspawn's body!
The starcursed mass engulfs you.
* * * LOW HITPOINT WARNING * * *
A starspawn tentacle comes into view.
You barely miss the hell knight. You headbutt the hell knight!
The hell knight is moderately wounded.
You hit the starspawn tentacle but do no damage.
Your gold dragon scales prevents you from hitting the tentacled starspawn.
You slash the starcursed mass! A chorus of shrieks assaults your mind.
You die...

#. #!≈♣##{ { #≈≈≈ #.
#≈≈5≈###### #≈≈ #
###..#≈55≈≈5≈≈≈≈≈≈w
.#. #{3≈≈♣≈x≈≈≈≈≈≈≈≈
..# ##{{Xy5≈≈≈≈≈≈§│
####.##{≈3ww55≈≈≈≈
≈≈≈
#.....##X3≈≈5≈5≈5≈≈≈≈
###pXXX≈≈5≈≈ 5≈ ≈≈≈≈
#.#@#x♣≈♣>≈≈≈≈≈ ≈≈♣
#..wX#5──≈≈≈♣≈≈≈≈ ≈≈
#####*≈≈≈≈≈≈≈≈≈≈≈≈ {
.#≈≈≈≈≈≈≈ ♣ ≈≈≈ {
≈*≈≈≈≈≈≈ ≈≈≈≈≈≈≈
♣≈≈≈≈≈ ≈≈≈


You could see 2 starcursed masses, 2 tentacled starspawn, 2 wretched stars, a
hell knight, a thrashing horror, a large abomination, a queen bee shaped
shifter, a neqoxec, a ynoxinul, 3 starspawn tentacles and 4 ufetubi.

Vanquished Creatures
  7 orbs of fire
  The ghost of Minstaer the Swordmaster, a legendary MiGl of Uskayaw (Zot:5)
  Mennas (Vaults:3)
  3 juggernauts
  Mara (Depths:4)
  4 ancient liches
  Boris (Vaults:3)
  Margery (Vaults:5)
  4 curse toes
  4 caustic shrikes
  Saint Roka (D:15)
  17 golden dragons
  2 Killer Klowns (Zot:5)
  Arachne (Spider:2)
  the Enchantress (Depths:4)
  Jory (Depths:4)
  Nikola (Spider:4)
  A Brimstone Fiend (Depths:3)
  5 electric golems
  A bone dragon (Depths:5)
  5 liches
  20 tentacled monstrosities
  24 Orb Guardians
  Rupert (D:15)
  5 titans
  6 quicksilver dragons
  3 draconian monks
  Kirke (Spider:3)
  8 sphinxes
  17 shadow dragons
  20 storm dragons
  5 death cobs
  2 thorn hunters
  13 tengu reavers
  5 draconian knights
  The ghost of Peacelily the Severer, a journeyman MiBe of Trog (Orc:2)
  4 deep elf sorcerers
  8 fire giants
  16 vault wardens
  6 iron dragons
  5 draconian scorchers
  A cacodemon (Depths:2)
  11 frost giants
  8 ghost moths
  An orc warlord (Orc:1)
  2 ghouls
  2 war gargoyles (Vaults:5)
  3 draconian stormcallers (Zot:5)
  16 ironheart preservers
  11 emperor scorpions
  4 draconian shifters
  A deep elf elementalist (Depths:3)
  5 draconian annihilators
  6 spriggan defenders
  17 stone giants
  24 very ugly things
  7 yellow draconians
  3 deep elf demonologists
  2 vampire knights
  15 green draconians
  2 entropy weavers
  7 black draconians
  6 purple draconians
  5 red draconians
  9 white draconians
  3 deep elf annihilators
  9 spark wasps
  3 deep elf death magi
  24 ettins
  A merfolk javelineer (Depths:2)
  A blizzard demon (Abyss:5)
  22 yaktaur captains
  13 fire dragons
  Josephine (D:14)
  The ghost of homeworkjunkie the Cleaver, a journeyman HOFi of Okawaru (Orc:2)
  7 rakshasas
  2 hydras (shapeshifter)
  4 deep elf high priests
  27 hydras
  11 great orbs of eyes
  6 spriggan air magi
  31 vault guards
  14 ice dragons
  An anaconda (shapeshifter) (Depths:4)
  The ghost of Anon1729 the Geomancer, a journeyman OpEE of Sif Muna (D:11)
  3 catoblepae (Lair:6)
  3 ghost crabs
  20 centaur warriors
  7 alligators
  68 two-headed ogres
  5 death knights
  15 deep troll shamans
  20 ogre magi
  4 orc high priests (Orc:2)
  A vampire mage (Depths:3)
  6 death yaks (Lair:6)
  16 deep troll earth magi
  9 tengu warriors
  A shock serpent (shapeshifter) (Depths:2)
  Urug (D:11)
  A soul eater (Depths:2)
  6 thrashing horrors (Abyss:5)
  4 spriggan berserkers
  5 deep elf knights
  A fire crab (shapeshifter) (Vaults:2)
  7 hell knights
  A shadow wraith (Vaults:4)
  A sixfirhy (Abyss:5)
  13 skeletal warriors
  A spriggan druid (Swamp:3)
  4 iron trolls
  A storm dragon skeleton (Vaults:1)
  2 torturous demonspawn
  A death drake (shapeshifter) (Depths:2)
  10 swamp dragons
  50 deep trolls
  3 unseen horrors
  A gelid demonspawn (Depths:1)
  An obsidian statue (Depths:2)
  2 shambling mangroves
  3 flayed ghosts
  The ghost of PhyxPenguin the Ruffian, a novice TrFi (D:8)
  19 orc knights
  5 harpies (Vaults:1)
  3 deep elf archers
  7 glowing orange brains
  13 ironbrand convokers
  A lindwurm (Lair:6)
  2 phantasmal warriors (Vaults:5)
  3 wizards
  2 necromancers
  32 wolf spiders
  11 orb spiders
  8 orc sorcerers
  An orb spider (shapeshifter) (Depths:3)
  15 deep elf magi
  A cyclops (shapeshifter) (Vaults:4)
  42 ugly things
  A large abomination (Abyss:5)
  5 cyclopes
  A manticore (shapeshifter) (Vaults:1)
  A salamander (shapeshifter) (Depths:2)
  21 moths of wrath
  2 ice statues (IceCv)
  11 manticores
  6 black mambas
  56 slime creatures
  9 elephants
  Maurice (D:9)
  Psyche (D:8)
  A rust devil (Depths:3)
  A torpor snail (Spider:3)
  An eye of devastation (shapeshifter) (Depths:2)
  2 smoke demons
  11 vault sentinels
  2 gargoyles
  An apocalypse crab (Abyss:5)
  20 spiny frogs
  An orange demon (Depths:1)
  2 hellions
  A yaktaur (shapeshifter) (Depths:2)
  A spiny frog (shapeshifter) (Depths:2)
  The ghost of Frank the Slasher, a novice OpFi (D:5)
  2 kobold demonologists (D:12)
  8 freezing wraiths
  52 yaktaurs
  13 komodo dragons
  19 demonic crawlers
  A hellwing (Depths:2)
  2 queen bees (shapeshifter)
  9 ice devils
  A red devil (Depths:3)
  7 tengu conjurers
  A yaktaur skeleton (Vaults:1)
  22 jumping spiders
  An ancient zyme (Abyss:5)
  A jumping spider (shapeshifter) (Depths:2)
  A polar bear (shapeshifter) (Depths:4)
  5 trolls
  8 tyrant leeches
  A wolf spider simulacrum (D:14)
  A meliai zombie (D:11)
  2 wind drakes (shapeshifter)
  A meliai (shapeshifter) (Depths:2)
  25 hornets
  A frost giant simulacrum (Vaults:3)
  6 bog bodies
  9 blink frogs
  A slime creature (shapeshifter) (Depths:3)
  A raiju (shapeshifter) (Vaults:3)
  17 hippogriffs
  A centaur simulacrum (D:15)
  5 wyverns
  2 air elementals (Depths:3)
  6 shadows
  22 tarantellas
  10 starcursed masses (Abyss:5)
  A vampire (D:9)
  63 redbacks
  9 spriggans
  A spriggan (shapeshifter) (Depths:2)
  10 water elementals
  49 yaks
  6 hogs
  2 humans (shapeshifter)
  12 wraiths
  2 tarantellas (shapeshifter)
  A golden eye (shapeshifter) (Depths:2)
  A steam dragon (D:9)
  A fire elemental (Depths:1)
  3 basilisks
  The ghost of soepske the Ruffian, an amateur DrTm of Elyvilon (D:4)
  A basilisk (shapeshifter) (Depths:4)
  3 neqoxecs
  A hungry ghost (D:12)
  A chaos spawn (Depths:3)
  2 soldier ants
  Menkaure (D:5)
  19 vampire mosquitoes
  21 swamp worms
  25 insubstantial wisps
  A soldier ant (shapeshifter) (Vaults:3)
  9 wargs
  An acid dragon (D:14)
  10 porcupines
  Duvessa (D:5)
  16 water moccasins
  4 floating eyes
  A swamp drake (shapeshifter) (Vaults:3)
  3 hell hounds (Depths:2)
  2 ice beasts
  58 orc warriors
  11 swamp drakes
  3 sky beasts
  2 phantoms
  2 eyes of draining
  A black bear (D:9)
  A black bear (shapeshifter) (Depths:2)
  14 wolves
  13 boggarts
  46 ogres
  38 centaurs
  2 orc skeletons (Vaults:1)
  3 big kobolds
  A crocodile (shapeshifter) (Vaults:1)
  16 crocodiles
  2 wyvern zombies
  A gnoll sergeant (D:8)
  18 bullfrogs
  Dowan (D:5)
  39 scorpions
  A scorpion (shapeshifter) (Depths:2)
  10 killer bees
  A vampire bat (D:14)
  4 wights
  4 howler monkeys
  7 crimson imps
  11 jellies
  5 bullfrog zombies
  5 centaur zombies
  9 centaur skeletons
  29 orc priests
  8 hounds
  3 quasits (Depths:2)
  3 bullfrog skeletons
  A gnoll shaman (Orc:2)
  2 iron imps (Depths:2)
  34 orc wizards
  5 iguanas
  14 worker ants
  4 hound skeletons
  A worker ant zombie (D:6)
  16 adders
  15 gnolls
  A howler monkey skeleton (D:7)
  7 shadow imps
  8 white imps
  8 ufetubi (IceCv)
  7 oozes
  An adder zombie (D:8)
  A worm (shapeshifter) (Depths:3)
  4 worms
  5 dart slugs
  8 leopard geckos
  126 orcs
  15 bats
  7 giant cockroaches
  6 hobgoblins
  11 jackals
  3 quokkas
  A ball python (D:2)
  6 frilled lizards
  12 goblins
  2 jackal skeletons
  A jackal zombie (D:5)
  19 kobolds
  2 leopard gecko zombies
  9 rats
  6 briar patches
  6 fungi
  14 plants
  3 starspawn tentacles (Abyss:5)
2517 creatures vanquished.

Vanquished Creatures (collateral kills)
  the Lernaean hydra (Swamp:4)
  2 curse toes
  A fire giant (Depths:4)
  An ironheart preserver (Vaults:2)
  A stone giant (Vaults:4)
  A deep elf annihilator (Vaults:2)
  Nessos (D:15)
  2 fire dragons (Depths:2)
  2 hydras (Depths:2)
  A hell beast (Depths:2)
  An ogre mage (Vaults:4)
  2 two-headed ogres
  2 flayed ghosts
  A spriggan druid (Swamp:4)
  A glowing orange brain (Vaults:2)
  2 wizards (D:15)
  3 deep elf archers
  A necromancer (D:15)
  A harpy (Depths:2)
  2 deep elf magi
  A manticore (D:15)
  A vault sentinel (Vaults:3)
  A yaktaur (Vaults:3)
  A centaur skeleton (D:15)
  A warg (Vaults:4)
  An acid dragon (D:15)
  2 hell hounds (Depths:2)
  4 swamp drakes (Swamp:4)
  A hornet zombie (D:15)
  2 ogres
  2 centaurs (D:12)
  An orc priest (D:12)
  2 orcs
49 creatures vanquished.

Vanquished Creatures (others)
  An Orb Guardian (Zot:5)
  A draconian monk (Zot:2)
  A draconian stormcaller (Zot:2)
  2 draconian scorchers (Zot:2)
  2 draconian annihilators (Zot:2)
  A reaper (IceCv)
  3 red draconians (Zot:2)
  A white draconian (Zot:2)
  2 black draconians (Zot:2)
  A necromancer (Vaults:5)
  3 moths of wrath (Zot:5)
  A spiny frog (Swamp:1)
  A hornet (Swamp:4)
  A spriggan (Swamp:4)
  A human (Spider:4)
  A neqoxec (Zot:1)
  A swamp drake (Swamp:1)
  6 killer bees (D:10)
  A white imp (IceCv)
  8 ufetubi (IceCv)
  An orc (Depths:1)
  A briar patch (Swamp:2)
  8 fungi
  19 plants
  14 starspawn tentacles (Abyss:5)
82 creatures vanquished.

Grand Total: 2648 creatures vanquished

Notes
Turn   | Place    | Note
-------+----------+-------------------------------------------
     0 | D:1      | zaRGo the Minotaur Berserker began the quest for the Orb.
     0 | D:1      | Reached XP level 1. HP: 19/19 MP: 0/0
   131 | D:1      | Reached XP level 2. HP: 27/27 MP: 1/1
   716 | D:1      | Reached XP level 3. HP: 33/33 MP: 2/2
   807 | D:2      | Reached ** piety under Trog
  1651 | D:2      | Reached XP level 4. HP: 41/41 MP: 3/3
  2688 | D:3      | Found a faded altar of an unknown god.
  2756 | D:3      | Reached skill level 5 in Axes
  2824 | D:3      | Reached XP level 5. HP: 42/47 MP: 4/4
  3059 | D:2      | Reached skill level 5 in Fighting
  3424 | D:4      | Reached *** piety under Trog
  3424 | D:4      | Reached XP level 6. HP: 56/56 MP: 5/5
  3640 | D:4      | Noticed soepske's ghost (amateur DrTm)
  3665 | D:4      | Killed soepske's ghost
  3753 | D:4      | Found a staircase to the Ecumenical Temple.
  3780 | Temple   | Entered the Ecumenical Temple
  3970 | D:3      | Reached XP level 7. HP: 58/62 MP: 6/6
  4033 | D:3      | Reached skill level 5 in Armour
  4621 | D:5      | Entered Level 5 of the Dungeon
  4627 | D:5      | Noticed Dowan
  4679 | D:5      | Noticed Duvessa
  4705 | D:5      | Killed Duvessa
  4707 | D:5      | Killed Dowan
  4744 | D:5      | Reached XP level 8. HP: 55/71 MP: 7/7
  5212 | D:5      | Reached **** piety under Trog
  5347 | D:5      | Noticed Menkaure
  5415 | D:5      | Noticed Frank's ghost (novice OpFi)
  5448 | D:5      | Killed Frank's ghost
  5617 | D:5      | Killed Menkaure
  5617 | D:5      | Reached skill level 10 in Axes
  6523 | D:6      | Reached XP level 9. HP: 81/81 MP: 8/8
  7071 | D:6      | Noticed a gargoyle
  7080 | D:6      | Killed a gargoyle
  7279 | D:6      | Found a blossoming altar of Fedhas.
  8126 | D:7      | Found a burning altar of Makhleb.
  8126 | D:7      | Found a glowing golden altar of the Shining One.
  9035 | D:7      | Identified a scroll of acquirement
  9038 | D:7      | Got a brightly glowing bone ring
  9042 | D:7      | Identified the ring "Mirchas" {rElec rC++ SInv} (You acquired it on level 7 of the Dungeon)
  9103 | D:8      | Noticed PhyxPenguin's ghost (novice TrFi)
  9124 | D:8      | Killed PhyxPenguin's ghost
  9406 | D:8      | Noticed Psyche
  9416 | D:8      | Killed Psyche
  9416 | D:8      | Reached XP level 10. HP: 91/91 MP: 9/9
  9697 | D:8      | Found a shattered altar of Ashenzari.
  9894 | D:8      | Found Weip's Magic Scroll Shoppe.
  9897 | D:8      | Bought a scroll of identify for 32 gold pieces
  9897 | D:8      | Bought a scroll of identify for 32 gold pieces
  9897 | D:8      | Bought a scroll of teleportation for 48 gold pieces
  9901 | D:8      | Bought a scroll of identify for 32 gold pieces
  9979 | D:8      | Noticed a two-headed ogre
  9988 | D:8      | Killed a two-headed ogre
  9989 | D:8      | Reached skill level 10 in Fighting
 10259 | D:8      | Found a hide-covered altar of Uskayaw.
 10259 | D:8      | Found a shimmering altar of Xom.
 10391 | D:9      | Noticed Maurice
 10438 | D:9      | Killed Maurice
 10591 | D:8      | Noticed a two-headed ogre
 10597 | D:8      | Killed a two-headed ogre
 10719 | D:8      | Bought a scroll of identify for 32 gold pieces
 10719 | D:8      | Bought a scroll of teleportation for 48 gold pieces
 10747 | D:9      | Found Erusoeg's Weapon Boutique.
 10813 | D:9      | Found Duofoval's Antique Weapon Shoppe.
 10884 | D:9      | Noticed a manticore
 10914 | D:9      | Killed a manticore
 10914 | D:9      | Reached skill level 10 in Armour
 11207 | D:9      | Found a staircase to the Lair.
 11216 | D:9      | Reached XP level 11. HP: 101/101 MP: 10/10
 11422 | D:9      | Reached skill level 1 in Evocations
 11852 | D:10     | Entered Level 10 of the Dungeon
 12206 | D:10     | Found a stormy altar of Qazlal.
 12292 | D:10     | Noticed a centaur warrior
 12304 | D:10     | Killed a centaur warrior
 12705 | D:10     | Reached ***** piety under Trog
 13051 | D:11     | Noticed a two-headed ogre
 13071 | D:10     | Killed a two-headed ogre
 13554 | D:10     | Reached skill level 15 in Axes
 13582 | D:11     | Noticed a two-headed ogre
 13582 | D:11     | Noticed Anon1729's ghost (journeyman OpEE)
 13606 | D:10     | Killed a two-headed ogre
 13720 | D:11     | Killed Anon1729's ghost
 14222 | D:11     | Noticed Urug
 14243 | D:11     | Killed Urug
 14385 | D:11     | Reached XP level 12. HP: 112/112 MP: 5/14
 14604 | D:12     | Noticed a two-headed ogre
 14616 | D:12     | Killed a two-headed ogre
 15347 | D:11     | Noticed a tengu warrior
 15357 | D:11     | Killed a tengu warrior
 15898 | D:12     | Received a gift from Trog
 16115 | D:12     | Noticed a two-headed ogre
 16133 | D:12     | Killed a two-headed ogre
 16447 | D:12     | Noticed a centaur warrior
 16456 | D:12     | Killed a centaur warrior
 16553 | D:12     | Found a staircase to the Orcish Mines.
 16915 | Lair:1   | Entered Level 1 of the Lair of Beasts
 17750 | Lair:1   | Reached XP level 13. HP: 122/122 MP: 15/15
 19681 | Lair:2   | Found a hole to the Spider Nest.
 20456 | Lair:3   | Found a staircase to the Swamp.
 20638 | Lair:3   | Received a gift from Trog
 23063 | Lair:5   | Reached XP level 14. HP: 115/133 MP: 5/16
 23982 | Lair:6   | Entered Level 6 of the Lair of Beasts
 24128 | Lair:6   | Found a frozen archway.
 24164 | Lair:6   | Found a viscous altar of Jiyva.
 24165 | Lair:6   | Found a staircase to the Slime Pits.
 24186 | IceCv    | Entered an ice cave
 24326 | IceCv    | Received a gift from Trog
 24446 | IceCv    | Got a scorched hat
 24484 | IceCv    | Identified the cursed +0 hat of Watchfulness {Regen+ Str+4 Stlth+} (You found it in an ice cave)
 24521 | IceCv    | Killed a reaper
 24647 | IceCv    | Got a smoking demon whip
 25648 | Lair:6   | Reached skill level 15 in Fighting
 25940 | Lair:6   | Received a gift from Trog
 26294 | Lair:6   | Reached skill level 15 in Armour
 26326 | Lair:6   | Got a transparent golden ring
 26336 | Lair:6   | Identified the cursed ring "Lufastrum" {rElec AC-6 Str+6 Dex+8 Slay-5} (You found it on level 6 of the Lair of Beasts)
 27062 | Orc:1    | Entered Level 1 of the Orcish Mines
 27115 | Orc:2    | Entered Level 2 of the Orcish Mines
 27115 | Orc:2    | Found a staircase to the Elven Halls.
 27394 | Orc:2    | Found Saapu Ciso's Distillery.
 27402 | Orc:2    | Bought a potion of curing for 51 gold pieces
 27402 | Orc:2    | Bought a potion of haste for 170 gold pieces
 27402 | Orc:2    | Bought a potion of curing for 51 gold pieces
 27402 | Orc:2    | Bought a potion of curing for 51 gold pieces
 27402 | Orc:2    | Bought a potion of haste for 170 gold pieces
 27402 | Orc:2    | Bought a potion of curing for 51 gold pieces
 27573 | Orc:2    | Noticed homeworkjunkie's ghost (journeyman HOFi)
 27604 | Orc:2    | Killed homeworkjunkie's ghost
 27990 | Orc:1    | Received a gift from Trog
 28050 | Orc:1    | Reached XP level 15. HP: 143/143 MP: 5/17
 28156 | Orc:1    | Found Bipet's Distillery.
 28214 | Orc:1    | Found a bloodstained altar of Trog.
 28226 | Orc:1    | Noticed an orc warlord
 28244 | Orc:1    | Killed an orc warlord
 28641 | Orc:1    | Reached ****** piety under Trog
 29025 | Orc:2    | Noticed Peacelily's ghost (journeyman MiBe)
 29048 | Orc:2    | Killed Peacelily's ghost
 29354 | Orc:2    | Paralysed by an orc sorcerer for 7 turns
 29749 | Orc:2    | Reached skill level 5 in Dodging
 29791 | Orc:2    | Received a gift from Trog
 30031 | Orc:2    | Found Vuot's Gadget Emporium.
 30031 | Orc:2    | Found Vapif's Gadget Boutique.
 30033 | Orc:2    | Found Opleben's Food Emporium.
 30033 | Orc:2    | Found Nyaty's Magic Scroll Boutique.
 30046 | Orc:2    | Bought a scroll of enchant weapon for 112 gold pieces
 30046 | Orc:2    | Bought a scroll of silence for 112 gold pieces
 30055 | Orc:2    | Bought a bread ration for 55 gold pieces
 30055 | Orc:2    | Bought a bread ration for 55 gold pieces
 30055 | Orc:2    | Bought a bread ration for 55 gold pieces
 30055 | Orc:2    | Bought a royal jelly for 22 gold pieces
 30055 | Orc:2    | Bought a royal jelly for 22 gold pieces
 30055 | Orc:2    | Bought a bread ration for 55 gold pieces
 30055 | Orc:2    | Bought a royal jelly for 22 gold pieces
 30055 | Orc:2    | Bought a meat ration for 55 gold pieces
 30055 | Orc:2    | Bought a bread ration for 55 gold pieces
 30218 | Orc:1    | Bought a potion of heal wounds for 65 gold pieces
 30218 | Orc:1    | Bought a potion of curing for 39 gold pieces
 30218 | Orc:1    | Bought a potion of resistance for 130 gold pieces
 30218 | Orc:1    | Bought a potion of agility for 52 gold pieces
 30218 | Orc:1    | Bought a potion of heal wounds for 65 gold pieces
 30297 | Orc:2    | Bought a potion of might for 68 gold pieces
 30861 | D:13     | Found Elasepsofu's Magic Scroll Emporium.
 30970 | D:13     | Found an opulent altar of Gozag.
 30971 | D:13     | Bought a scroll of enchant armour for 105 gold pieces
 30971 | D:13     | Bought a scroll of enchant weapon for 105 gold pieces
 31026 | D:13     | Found a portal to a secret trove of treasure.
 31152 | D:13     | Paralysed by a hornet for 2 turns
 31443 | D:14     | Found a gate to the Vaults.
 31500 | D:13     | Paralysed by a hornet for 3 turns
 31641 | D:14     | Received a gift from Trog
 31644 | D:14     | Got a jewelled battleaxe {god gift}
 31645 | D:14     | Identified the +9 battleaxe of Mahuh {flame, rN++ Int-2 SInv Stlth+} (Trog gifted it to you on level 14 of the Dungeon)
 31738 | D:14     | Noticed Josephine
 31748 | D:14     | Killed Josephine
 31986 | D:14     | Found Aogessoq's Alliterative Accessories.
 31993 | D:14     | Bought a potion of agility for 64 gold pieces
 32592 | D:15     | Entered Level 15 of the Dungeon
 32592 | D:15     | Noticed Nessos
 32605 | D:15     | Noticed Rupert
 32688 | D:15     | Reached XP level 16. HP: 149/155 MP: 6/18
 32790 | D:15     | Found a staircase to the Depths.
 32894 | D:15     | Received a gift from Trog
 33093 | D:15     | Paralysed by Rupert for 3 turns
 33106 | D:15     | Killed Rupert
 33165 | D:15     | Killed Nessos
 33400 | D:15     | Found an opulent altar of Gozag.
 34115 | Swamp:1  | Entered Level 1 of the Swamp
 34378 | Swamp:1  | You fall through a shaft!
 34563 | Swamp:1  | Identified the Incunabulum of Floating Execration
 34683 | Swamp:1  | Received a gift from Trog
 34911 | Swamp:1  | Got a pitted plate armour
 34922 | Swamp:1  | Identified the cursed +1 plate armour of the Spider Nest {rC+} (You found it on level 1 of the Swamp)
 36092 | Swamp:2  | Noticed a thorn hunter
 36103 | Swamp:2  | Killed a thorn hunter
 36508 | Swamp:2  | Reached skill level 10 in Dodging
 36770 | Swamp:3  | Got an ichor-stained plate armour
 36781 | Swamp:3  | Identified the +9 plate armour of Protective Custody {Dex+2} (You found it on level 3 of the Swamp)
 36963 | Swamp:3  | Received a gift from Trog
 36975 | Swamp:3  | Noticed a thorn hunter
 36981 | Swamp:3  | Killed a thorn hunter
 37499 | Swamp:4  | Entered Level 4 of the Swamp
 37664 | Swamp:4  | Received a gift from Trog
 37727 | Swamp:4  | Reached XP level 17. HP: 165/165 MP: 7/19
 38264 | Swamp:4  | Noticed the 27-headed Lernaean hydra
 38656 | Swamp:4  | Got a decaying rune of Zot
 38813 | Swamp:4  | Killed the 27-headed Lernaean hydra
 39614 | Orc:2    | Bought a wand of digging (8/24) for 384 gold pieces
 39616 | Orc:2    | Bought a scroll of identify for 30 gold pieces
 39740 | D:12     | Received a gift from Trog
 39913 | Spider:1 | Entered Level 1 of the Spider Nest
 41057 | Spider:1 | You fall through a shaft!
 42017 | Spider:2 | Noticed Arachne
 42037 | Spider:2 | Killed Arachne
 42475 | Spider:2 | Received a gift from Trog
 43584 | Spider:3 | Received a gift from Trog
 43738 | Spider:3 | Reached XP level 18. HP: 174/174 MP: 6/20
 43965 | Spider:4 | Entered Level 4 of the Spider Nest
 44287 | Spider:4 | Noticed Nikola
 44292 | Spider:4 | Noticed Kirke
 44376 | Spider:3 | Killed Kirke
 45463 | Spider:4 | Killed Nikola
 45923 | Spider:4 | Got a gossamer rune of Zot
 46395 | Vaults:1 | Entered Level 1 of the Vaults
 46395 | Vaults:1 | Found Hotuilie's Jewellery Shop.
 46417 | Vaults:1 | Bought the ring of the Median {+Fly rPois} for 373 gold pieces
 46432 | Vaults:1 | Found Dorij's Antique Weapon Boutique.
 46971 | Vaults:1 | Found Pizaen's Distillery.
 46975 | Vaults:1 | Received a gift from Trog
 46992 | Vaults:1 | Bought a potion of heal wounds for 65 gold pieces
 48548 | Vaults:1 | Reached XP level 19. HP: 178/184 MP: 7/21
 48589 | Vaults:1 | Received a gift from Trog
 48624 | Vaults:1 | Found Deiwy's Distillery.
 48649 | Vaults:1 | Bought a potion of agility for 76 gold pieces
 48649 | Vaults:1 | Bought a potion of heal wounds for 95 gold pieces
 48649 | Vaults:1 | Bought a potion of heal wounds for 95 gold pieces
 48703 | Vaults:1 | Found Genk's Antique Armour Shop.
 49821 | Vaults:2 | Received a gift from Trog
 49924 | Vaults:2 | Found Ritalack's Book Shop.
 51073 | Vaults:3 | Found a staircase to the Crypt.
 51073 | Vaults:3 | Found a basalt altar of Yredelemnul.
 51074 | Vaults:3 | Found an ancient bone altar of Kikubaaqudgha.
 51236 | Vaults:3 | Received a gift from Trog
 51492 | Vaults:3 | Noticed Boris
 51504 | Vaults:3 | Killed Boris
 51725 | Vaults:3 | Noticed Mennas
 51750 | Vaults:3 | Killed Mennas
 51750 | Vaults:3 | Reached XP level 20. HP: 195/195 MP: 7/22
 52009 | Vaults:3 | Found Rounim's Jewellery Emporium.
 52037 | Vaults:3 | Received a gift from Trog
 54118 | Vaults:4 | Received a gift from Trog
 54493 | Vaults:4 | Reached skill level 15 in Dodging
 54589 | Vaults:4 | Received a gift from Trog
 55061 | Vaults:3 | Bought an uncursed ring of protection from fire for 475 gold pieces
 55379 | Depths:1 | Entered Level 1 of the Depths
 55379 | Depths:1 | Found a gateway to a ziggurat.
 55379 | Depths:1 | Noticed an ancient lich
 55384 | Depths:1 | Noticed Saint Roka
 55403 | D:15     | Killed Saint Roka
 55467 | Depths:1 | Paralysed by an orc sorcerer for 7 turns
 55507 | D:15     | Reached XP level 21. HP: 110/204 MP: 7/23
 56651 | Depths:1 | Found a gateway to Hell.
 56828 | Depths:1 | Received a gift from Trog
 57559 | Depths:1 | Found a one-way gate leading to the halls of Pandemonium.
 57679 | Depths:1 | Identified the Almanac of Assistive Companions
 58002 | Depths:2 | Identified the Collected Works on the Noxious Snowflakes
 58362 | Depths:2 | Received a gift from Trog
 58736 | Depths:2 | Paralysed by a great orb of eyes for 3 turns
 58857 | Depths:2 | Received a gift from Trog
 59102 | Depths:2 | Reached XP level 22. HP: 215/215 MP: 8/24
 59626 | Depths:2 | Got a coiled granite ring
 59672 | Depths:2 | Identified the ring "Timioss" {rPois rC+ MR- Str+4 Int+4 SInv} (You found it on level 2 of the Depths)
 59694 | Depths:2 | Identified the Tome of Weightlessness
 59727 | Depths:2 | Reached skill level 27 in Axes
 60169 | Depths:2 | Received a gift from Trog
 60295 | Depths:2 | Gained mutation: Your muscles are strong. (Str +2) [a neqoxec]
 61529 | Depths:3 | Noticed a juggernaut
 61573 | Depths:3 | Paralysed by a floating eye for 4 turns
 61780 | Depths:2 | Paralysed by a floating eye for 2 turns
 61789 | Depths:2 | Killed a juggernaut
 62067 | Depths:3 | Paralysed by a floating eye for 4 turns
 62328 | Depths:3 | Noticed a golden dragon
 62339 | Depths:3 | Killed a golden dragon
 62439 | Depths:3 | Noticed a caustic shrike
 62445 | Depths:3 | Killed a caustic shrike
 62562 | Depths:3 | Got a faintly glowing silver ring
 62944 | Depths:3 | Identified the ring of Qeilesme {rCorr rC- Str+4 Dex+5} (You found it on level 3 of the Depths)
 63040 | Depths:3 | Paralysed by a floating eye for 2 turns
 63629 | Depths:4 | Found a one-way gate to the infinite horrors of the Abyss.
 63637 | Depths:4 | Reached XP level 23. HP: 216/226 MP: 8/25
 63738 | Depths:4 | Noticed the Enchantress
 63762 | Depths:4 | Killed the Enchantress
 63831 | Depths:4 | Received a gift from Trog
 63991 | Depths:4 | Found a snail-covered altar of Cheibriados.
 63992 | Depths:4 | Found a shadowy altar of Dithmenos.
 63993 | Depths:4 | Found a basalt altar of Yredelemnul.
 64176 | Depths:4 | Noticed a caustic shrike
 64186 | Depths:4 | Killed a caustic shrike
 64208 | Depths:4 | Noticed a caustic shrike
 64216 | Depths:4 | Killed a caustic shrike
 64426 | Depths:4 | Noticed a juggernaut
 64438 | Depths:4 | Killed a juggernaut
 64584 | Depths:4 | Noticed Jory
 64604 | Depths:4 | Killed Jory
 64650 | Depths:4 | Noticed Mara
 64661 | Depths:4 | Killed Mara
 64795 | Depths:4 | Noticed a caustic shrike
 65133 | Depths:3 | Killed a caustic shrike
 65783 | Depths:4 | Received a gift from Trog
 66052 | Depths:4 | Noticed an ancient lich
 66078 | Depths:4 | Killed an ancient lich
 66078 | Depths:4 | Reached XP level 24. HP: 239/239 MP: 8/25
 66171 | Depths:4 | Got a warped copper ring
 66173 | Depths:4 | Identified the ring "Ciunwex" {Int+3 Stlth-} (You took it off a rakshasa on level 4 of the Depths)
 66187 | Depths:5 | Entered Level 5 of the Depths
 67000 | Depths:5 | Found a gate to the Realm of Zot.
 67025 | Depths:5 | Noticed a juggernaut
 67040 | Depths:5 | Killed a juggernaut
 67991 | Depths:1 | Killed an ancient lich
 68006 | Depths:1 | Received a gift from Trog
 68804 | Vaults:3 | Bought an uncursed amulet of regeneration for 570 gold pieces
 68870 | Vaults:5 | Entered Level 5 of the Vaults
 69086 | Vaults:5 | Received a gift from Trog
 69128 | Vaults:5 | Reached XP level 25. HP: 230/253 MP: 8/25
 69263 | Vaults:5 | Identified Pomim's Disquisition on Congealing Clay
 69588 | Vaults:5 | Noticed Margery
 69621 | Vaults:5 | Killed Margery
 69789 | Vaults:5 | Got a scintillating iron ring
 69843 | Vaults:5 | Received a gift from Trog
 70751 | Vaults:5 | Reached skill level 27 in Fighting
 70895 | Vaults:5 | Got an ichor-stained hand axe
 70917 | Vaults:5 | Identified the ring "Muest" {Ice *Slow MR+ Int+4} (You took it off a vault warden on level 5 of the Vaults)
 71000 | Vaults:5 | Identified the +4 hand axe "Fakot" {chop, Dex+9 Stlth-} (You found it on level 5 of the Vaults)
 71012 | Vaults:5 | Got a silver rune of Zot
 71212 | Vaults:5 | Received a gift from Trog
 72231 | Zot:1    | Entered Level 1 of the Realm of Zot
 73219 | Zot:2    | Noticed an orb of fire
 73268 | Zot:2    | Reached XP level 26. HP: 246/266 MP: 8/25
 73447 | Zot:2    | Noticed an orb of fire
 73455 | Zot:2    | Killed an orb of fire
 74475 | Zot:3    | Received a gift from Trog
 75682 | Zot:4    | Reached skill level 27 in Armour
 76098 | Zot:4    | Received a gift from Trog
 76529 | Zot:4    | Received a gift from Trog
 76966 | Zot:5    | Entered Level 5 of the Realm of Zot
 77182 | Zot:5    | Reached XP level 27. HP: 259/273 MP: 8/25
 77472 | Zot:5    | Noticed Minstaer's ghost (legendary MiGl)
 77507 | Zot:5    | Killed Minstaer's ghost
 77650 | Zot:5    | Reached skill level 5 in Evocations
 77653 | Zot:5    | Noticed an ancient lich
 77666 | Zot:5    | Killed an ancient lich
 77783 | Zot:5    | Noticed an orb of fire
 77809 | Zot:5    | Killed an orb of fire
 78199 | Zot:5    | Noticed an orb of fire
 78207 | Zot:5    | Lost mutation: Your muscles are strong. (Str +2) [an orb of fire]
 78220 | Zot:5    | Gained mutation: You are resistant to hostile enchantments. (MR+) [an orb of fire]
 78221 | Zot:5    | Gained mutation: You tend to lose your temper in combat. [an orb of fire]
 78224 | Zot:5    | Gained mutation: You occasionally shout uncontrollably at your foes. [an orb of fire]
 78235 | Zot:5    | Killed an orb of fire
 78375 | Zot:5    | Noticed an ancient lich
 78381 | Zot:5    | Killed an ancient lich
 78434 | Zot:5    | Noticed an orb of fire
 78438 | Zot:5    | Gained mutation: Armour fits poorly on your strangely shaped body. [an orb of fire]
 78445 | Zot:5    | Gained mutation: [You are frail. (-10% HP)] [an orb of fire]
 78458 | Zot:5    | Killed an orb of fire
 78616 | Zot:5    | Noticed an orb of fire
 78617 | Zot:5    | Gained mutation: [Your spells are a little easier to cast, but a little less powerful.] [an orb of fire]
 78644 | Zot:5    | Killed an orb of fire
 78968 | Zot:5    | Noticed an orb of fire
 78974 | Zot:5    | Gained mutation: You are dopey. (Int -2) [an orb of fire]
 78982 | Zot:5    | Killed an orb of fire
 79494 | Zot:5    | Noticed an orb of fire
 79512 | Zot:5    | Killed an orb of fire
 79940 | Zot:5    | Reached skill level 27 in Dodging
 80003 | Zot:5    | Reached skill level 10 in Evocations
 80131 | Zot:5    | Got the Orb of Zot
 80510 | Depths:3 | Noticed Learyun the pandemonium lord
 80521 | Depths:3 | Noticed Giowk the pandemonium lord
 80538 | Depths:2 | Cast into level 5 of the Abyss (Learyun)
 80538 | Abyss:5  | Entered Level 5 of the Abyss
 80792 | Abyss:5  | Received a gift from Trog
 80813 | Abyss:5  | Gained mutation: You sometimes yell uncontrollably at your foes. [a neqoxec]
 80817 | Abyss:5  | Lost intelligence.
 80823 | Abyss:5  | Gained mutation: [You are very frail. (-20% HP)] [a neqoxec]
 80825 | Abyss:5  | Paralysed by accursed screaming for 2 turns
 80830 | Abyss:5  | Paralysed by accursed screaming for 1 turns
 80835 | Abyss:5  | Paralysed by accursed screaming for 1 turns
 80845 | Abyss:5  | HP: 9/191 [starcursed mass/accursed screaming (8)]
 80848 | Abyss:5  | Killed from afar by a starcursed mass

Skill      XL: |  1  2  3  4  5  6  7  8  9 10 11 12 13 14 15 16 17 18 19 20 21 22 23 24 25 26 27 |
---------------+----------------------------------------------------------------------------------+-----
Axes           | 4 5 6 8 10 12 14 15 17 19 20 21 22 23 24 25 26 27 | 27.0
Fighting       | 4 5 6 8 9 10 11 13 14 15 17 18 19 20 21 23 24 26 27 | 27.0
Armour         | 3 4 5 7 8 10 11 12 14 15 16 17 18 19 20 21 22 24 25 27 | 27.0
Dodging        | 3 8 10 11 13 14 15 16 17 18 20 21 24 27 | 27.0
Evocations     | 4 11 | 11.2

Action                   |  1- 3 |  4- 6 |  7- 9 | 10-12 | 13-15 | 16-18 | 19-21 | 22-24 | 25-27 || total
-------------------------+-------+-------+-------+-------+-------+-------+-------+-------+-------++-------
Melee: Hand axe          |    96 |   125 |   177 |       |       |       |       |       |       ||   398
       Headbutt          |    11 |    31 |    58 |   111 |   348 |   320 |   352 |   391 |   443 ||  2065
       Battleaxe         |       |       |    98 |   597 |  1173 |   145 |       |       |       ||  2013
       Mace              |       |       |       |       |    78 |       |       |       |       ||    78
       Executioner's axe |       |       |       |       |       |  1071 |  1064 |  1114 |  1267 ||  4516
 Fire: Blowgun           |       |       |       |       |     4 |       |       |       |       ||     4
Throw: Stone             |     2 |       |     5 |     2 |       |       |       |       |       ||     9
       Tomahawk          |       |       |       |       |     3 |     1 |       |       |       ||     4
Invok: Berserk           |     2 |     8 |    19 |    24 |    21 |    15 |     8 |     7 |     2 ||   106
       Trog's Hand       |       |     2 |     5 |     6 |     5 |    13 |    16 |    12 |    18 ||    77
       Brothers in Arms  |       |       |     1 |     1 |       |     4 |     6 |     3 |     7 ||    22
       Burn Spellbooks   |       |       |       |     2 |     1 |     5 |     3 |     6 |     4 ||    21
Evoke: Wand              |       |       |       |       |    10 |     4 |       |     3 |    13 ||    30
       Lightning rod     |       |       |       |       |       |     1 |       |       |       ||     1
  Use: Scroll            |       |       |    13 |    13 |    18 |    18 |     6 |     6 |    25 ||    99
       Potion            |       |       |     1 |     1 |       |     5 |     4 |    13 |    19 ||    43
 Stab: Distracted        |       |       |       |       |       |     2 |     2 |     1 |     1 ||     6
       Invisible         |       |       |       |       |       |       |       |       |     1 ||     1
  Eat: Chunk             |     4 |    15 |    17 |    45 |    44 |    27 |    34 |    25 |    14 ||   225
       Meat ration       |       |       |     2 |       |       |     3 |     2 |     4 |     5 ||    16
       Bread ration      |       |       |     2 |       |     3 |     4 |       |       |     3 ||    12
       Royal jelly       |       |       |       |     4 |     6 |     5 |     1 |       |       ||    16
       Fruit             |       |       |       |       |       |     5 |     3 |     1 |       ||     9
Armor: Chain mail        |    52 |    59 |    53 |       |       |       |       |       |       ||   164
       Plate armour      |       |       |    69 |   456 |   701 |   305 |   711 |   615 |   115 ||  2972
       Swamp dragon scal |       |       |       |       |       |   664 |       |       |       ||   664
       Gold dragon scale |       |       |       |       |       |       |       |       |   566 ||   566
Dodge: Dodged            |    41 |    70 |    85 |   306 |   477 |  1209 |   853 |   862 |  1191 ||  5094
Block: Other             |       |       |       |       |       |       |       |    89 |       ||    89
       Reflection        |       |       |       |       |       |       |       |     3 |       ||     3
